AoeStats
← DaTuRa

Arena

510162856Analyzed
4v4 RM · 4d ago on Sep 29, 2026· 53m 56s· 8 players
Game mode
Random Map
Map size
Large (8 player)
Population
200
Speed
Normal
Resources
Standard
Victory
Conquest
Starting age
Dark Age
Ending age
Imperial Age
RankedLock teamsTeams togetherTeam positionsShared explorationLock speedFull tech treeHidden civsTurbo modeCheats
Victory
Defeat
🇹🇷 Huns · Türkiye
1487
+17
🇹🇷 Chinese · Türkiye
1459
+18
🇹🇷 Khmer · Türkiye
1390
+21
🇹🇷 Goths · Türkiye
1348
+21
🇮🇹 Varangians · Italy
1633
-25
🇮🇹 Muisca · Italy
1484
-19
🇮🇹 Teutons · Italy
1445
-17
🇮🇹 Vietnamese · Italy
1420
-16
Elnor
10:41 Feudal Age
14:32 Castle Age
12:24 Double-Bit Axe
12:53 Horse Collar
15:40 Bow Saw
16:02 Heavy Plow
16:46 Stone Mining
21:30 Gold Mining
22:51 Wheelbarrow
27:10 Imperial Age
24:45 Fletching
25:56 Ballistics
26:04 Hand Cart
25:36 Loom
25:45 Town Watch
27:18 Bodkin Arrow
27:24 Padded Archer Armor
27:36 Thumb Ring
28:59 Chemistry
28:13 Bracer
28:14 Padded Archer Armor
28:44 Elite Fire Lancer
29:25 Squires
29:27 Scale Mail Armor
30:47 Forging
31:57 Paper Money
32:38 Masonry
34:36 Caravan
35:13 Chain Mail Armor
36:00 Iron Casting
37:52 Murder Holes
38:03 Siege Engineers
38:17 Fortified Wall
38:19 Elite Rattan Archer
40:00 Leather Archer Armor
40:20 Elite Skirmisher
41:31 Ring Archer Armor
41:47 Chatras
42:07 Scale Barding Armor
42:33 Plate Mail Armor
42:59 Bloodlines
42:49 Husbandry
42:34 Elite Battle Elephant
44:43 Chain Barding Armor
46:10 Plate Barding Armor
45:48 Imperial Skirmisher
ITA | tonypolik
10:18 Feudal Age
9:56 Loom
11:21 Double-Bit Axe
13:47 Fletching
20:13 Castle Age
18:09 Horse Collar
19:55 Stone Mining
21:10 Bow Saw
20:57 Bodkin Arrow
22:34 Gold Mining
23:13 Padded Archer Armor
25:51 Leather Archer Armor
26:38 Wheelbarrow
31:06 Imperial Age
29:36 Heavy Plow
31:10 Hand Cart
31:41 Ballistics
32:26 Bracer
33:31 Two-Man Saw
33:25 Conscription
35:06 Chemistry
35:37 Masonry
36:14 Elite Guecha Warrior
37:24 Elite Skirmisher
51:58 Heavy Plow
52:47 Town Watch
Monesi28
11:01 Feudal Age
14:49 Castle Age
13:00 Double-Bit Axe
13:09 Horse Collar
16:40 Town Watch
17:43 Bow Saw
22:02 Wheelbarrow
27:10 Imperial Age
24:40 Loom
25:55 Scale Mail Armor
26:11 Forging
27:01 Chain Mail Armor
27:01 Careening
26:52 Heavy Plow
27:31 Hand Cart
26:43 Pikeman
27:23 Squires
28:20 Conscription
27:35 Halberdier
28:51 Iron Casting
29:20 Chemistry
28:30 Masonry
30:32 Plate Mail Armor
31:25 Blast Furnace
30:19 Fletching
31:17 Arson
32:06 Masonry
34:52 Two-Man Saw
34:30 Gold Mining
34:31 Stone Mining
34:19 Capped Ram
35:12 Bodkin Arrow
35:17 Padded Archer Armor
35:32 Fortified Wall
35:57 Ironclad
36:52 Crenellations
37:17 Scale Barding Armor
37:55 Hoardings
39:28 Elite Skirmisher
41:15 Leather Archer Armor
41:21 Chain Barding Armor
41:56 Guilds
42:17 Coinage
42:29 Ring Archer Armor
41:25 Onager
43:20 Crop Rotation
43:53 Sappers
45:06 Banking
46:05 Bloodlines
46:28 Siege Engineers
46:44 Ballistics
46:09 Arrowslits
47:41 Siege Onager
51:08 Siege Onager
Popi
11:00 Feudal Age
13:20 Bloodlines
15:56 Castle Age
17:36 Scale Barding Armor
18:05 Husbandry
19:12 Double-Bit Axe
21:13 Wheelbarrow
20:23 Town Watch
21:37 Bow Saw
23:12 Wheelbarrow
22:22 Horse Collar
24:11 Heavy Plow
26:25 Hand Cart
28:22 Husbandry
28:24 Stone Mining
28:24 Gold Mining
28:44 Gold Mining
30:17 Loom
33:22 Imperial Age
30:52 Arson
31:07 Squires
30:55 Gambesons
31:12 Scale Mail Armor
31:22 Forging
32:02 Stone Shaft Mining
31:53 Masonry
32:28 Chain Mail Armor
33:25 Iron Casting
33:46 Elite Varangian Guard
33:51 Pikeman
35:05 Plate Mail Armor
35:19 Conscription
34:29 Gothikon
36:47 Elite Jarl
38:50 Fletching
39:52 Chain Barding Armor
38:58 Vendel Legacy
40:41 Ballistics
41:40 Plate Barding Armor
42:06 Blast Furnace
42:03 Crop Rotation
42:34 Two-Man Saw
42:44 Chemistry
42:05 Ballistics
42:43 Architecture
42:05 Guard Tower
42:34 Cavalier
livulove
9:45 Feudal Age
10:49 Double-Bit Axe
13:42 Castle Age
11:35 Horse Collar
14:58 Bow Saw
18:56 Heavy Plow
20:57 Wheelbarrow
20:34 Gold Mining
22:16 Hand Cart
23:51 Gold Shaft Mining
24:07 Scale Barding Armor
24:29 Stone Mining
27:38 Imperial Age
25:39 Chain Barding Armor
25:32 Forging
25:50 Marauders
26:15 Bloodlines
26:06 Husbandry
26:05 Town Watch
28:32 Iron Casting
27:41 Elite Tarkan
28:47 Conscription
29:52 Guilds
30:18 Plate Barding Armor
31:39 Blast Furnace
30:29 Fletching
31:26 Loom
33:22 Bodkin Arrow
34:03 Bracer
34:04 Padded Archer Armor
33:41 Heavy Cavalry Archer
34:49 Parthian Tactics
36:07 Chemistry
35:47 Thumb Ring
38:02 Elite Skirmisher
38:42 Capped Ram
40:02 Ballistics
41:36 Leather Archer Armor
41:48 Ballistics
41:25 Siege Ram
45:58 Scale Mail Armor
46:43 Town Patrol
47:22 Chain Mail Armor
47:09 Squires
46:54 Arson
46:46 Pikeman
47:32 Halberdier
Ramci
11:08 Feudal Age
14:44 Castle Age
12:32 Double-Bit Axe
12:29 Horse Collar
15:39 Bow Saw
18:24 Loom
23:23 Wheelbarrow
23:21 Gold Mining
25:18 Stone Mining
29:52 Imperial Age
28:07 Hand Cart
28:50 Forging
28:47 Heavy Plow
28:22 Man-at-Arms
29:03 Squires
29:23 Scale Barding Armor
29:25 Scale Mail Armor
29:28 Town Watch
29:19 Long Swordsman
30:21 Anarchy
30:27 Caravan
31:04 Iron Casting
30:45 Chain Mail Armor
30:39 Perfusion
31:41 Two-Man Saw
31:12 Crop Rotation
30:09 Two-Handed Swordsman
30:35 Pikeman
30:49 Champion
31:58 Conscription
32:38 Elite Huskarl
33:17 Treadmill Crane
33:57 Ballistics
34:38 Chemistry
34:44 Halberdier
40:56 Blast Furnace
39:47 Fletching
40:03 Scale Barding Armor
45:15 Murder Holes
47:37 Heavy Scorpion
49:07 Bodkin Arrow
49:13 Padded Archer Armor
52:02 Chain Barding Armor
51:43 Bracer
53:16 Husbandry
53:26 Bloodlines
52:38 Light Cavalry
53:35 Leather Archer Armor
53:57 Coinage
BLACK EAGLE
8:36 Feudal Age
9:16 Double-Bit Axe
10:30 Horse Collar
15:42 Castle Age
16:43 Bow Saw
16:36 Heavy Plow
19:39 Wheelbarrow
23:32 Gold Mining
25:56 Hand Cart
25:27 Loom
25:28 Town Watch
26:31 Tusk Swords
27:23 Gold Shaft Mining
27:25 Scale Barding Armor
27:31 Forging
30:30 Imperial Age
28:10 Husbandry
28:35 Bloodlines
29:02 Chain Barding Armor
31:14 Iron Casting
31:53 Plate Barding Armor
31:19 Elite Battle Elephant
33:04 Blast Furnace
35:21 Double Crossbow
35:28 Heavy Scorpion
38:11 Chemistry
37:32 Ballistics
37:03 Light Cavalry
40:31 Siege Engineers
43:03 Caravan
44:55 Hussar
DaTuRa
0:26 Loom
8:42 Feudal Age
9:22 Double-Bit Axe
11:00 Fletching
11:05 Horse Collar
22:17 Castle Age
21:45 Stone Mining
21:46 Gold Mining
24:45 Bodkin Arrow
26:06 Wheelbarrow
28:16 Gold Shaft Mining
28:17 Stone Shaft Mining
29:13 Bow Saw
32:41 Imperial Age
30:25 Padded Archer Armor
30:47 Ballistics
31:24 Leather Archer Armor
31:24 Masonry
33:52 Conscription
33:56 Hand Cart
33:11 Capped Ram
35:16 Chemistry
35:44 Thumb Ring
36:48 Elite Chu Ko Nu
38:18 Rocketry
38:00 Bracer
38:31 Ring Archer Armor
39:45 Siege Ram
42:09 Two-Man Saw
41:10 Heavy Plow
41:45 Architecture
41:26 Forging
41:17 Scale Mail Armor
42:19 Coinage
41:51 Arson
42:07 Squires
41:28 Elite Fire Lancer
46:34 Banking
46:07 Caravan
52:36 Chain Mail Armor
52:57 Iron Casting
Connection lost

Rejoining the realm…

Still unreachable

The connection could not be restored.

Session expired

The server has moved on; the page needs a fresh start.